 Dungeon Crawl Stone Soup version 0.31-a0-145-g046c7d2549 (webtiles) character file.

Game seed: 18098394707136925309

109 qw the Shooter (level 4, -9/40 HPs)
             Began as a Minotaur Hunter on June 7, 2023.
             Was an Initiate of Okawaru.
             Mangled by an ogre
             ... wielding a +0 giant club
              (17 damage)
             ... on level 4 of the Dungeon.
             The game lasted 00:00:45 (2684 turns).

qw the Shooter (Minotaur Hunter)                    Turns: 2684, Time: 00:00:45

Health: -9/40      AC:  7    Str: 16    XL:     4   Next: 59%
Magic:  3/3        EV: 11    Int:  6    God:    Okawaru [......]
Gold:   302        SH:  0    Dex: 15    Spells: 3/3 levels left

rFire   . . .        Y - +2 shortbow
rCold   . . .        (shield currently unavailable)
rNeg    . . .        k - +0 ring mail
rPois   +            (helmet restricted)
rElec   .            e - +0 cloak
rCorr   .            g - +0 pair of gloves
SInv    .            (no boots)
Will    .....        f - amulet of regeneration
Stlth   +            m - ring of poison resistance
HPRegen 1.06/turn    (no ring)
MPRegen 0.08/turn

%: no passive effects
@: no status effects
A: horns 2, retaliatory headbutt
a: Renounce Religion


You were on level 4 of the Dungeon.
You worshipped Okawaru.
Okawaru was noncommittal.
You visited 1 branch of the dungeon, and saw 4 of its levels.

You collected 302 gold pieces.


Innate Abilities, Weirdness & Mutations

You have a pair of horns on your head.
You reflexively headbutt those who attack you in melee.


   Skills:
 + Level 3.7 Fighting
 - Level 6.0 Ranged Weapons
 - Level 1.0 Armour
 - Level 2.1 Dodging
 - Level 0.7 Stealth


You had 3 spell levels left.
You didn't know any spells.
Your spell library was empty.

Inventory:

Hand Weapons
 Y - a +2 shortbow (weapon)
Armour
 e - a +0 cloak (worn)
 g - a +0 pair of gloves (worn)
 k - a +0 ring mail (worn)
Jewellery
 f - an amulet of regeneration (around neck)
 m - a ring of poison resistance (left hand)
Scrolls
 l - a scroll of identify
Potions
 a - a potion of resistance
 b - a potion of magic {unknown}
 d - a potion of curing {unknown}
 h - a potion of invisibility {unknown}
 i - a potion of might {unknown}
 j - a potion of heal wounds {unknown}

Dungeon Overview and Level Annotations

Branches:
Dungeon (4/15)
 Temple: D:4-7

Altars:
Okawaru


Message History

Enter note:
Enter note:
Enter note:
Enter note:
Enter note: Done exploring.
2656 ||| UPGRADING to ring of poison resistance.
m - a ring of poison resistance (left hand) Done exploring.
2657 ||| READING scroll labelled KEITOEGEOMP.
The air fills with toxic fumes!
As you read the scroll labelled KEITOEGEOMP, it crumbles to dust.
It was a scroll of poison.
Done exploring.
(D) Dungeon
Where to? (* - list waypoints, Enter - D:3 @ (x,y), ? - help)
What level of the Dungeon? (default 1, ? - help)
There is a stone staircase leading down here.
You climb downwards.
There is a stone staircase leading up here.
Waypoint 3 assigned to D:4.
An ogre comes into view. It is wielding a +0 giant club.
You shoot an arrow.
The arrow hits the ogre but does no damage.
You shoot an arrow. The arrow barely misses the ogre.
You shoot an arrow. The arrow hits the ogre.
The ogre is lightly wounded.
You shoot an arrow. The arrow barely misses the ogre.
You shoot an arrow. The arrow barely misses the ogre.
The ogre hits you with a +0 giant club!!
Ouch! That really hurt!
You shoot an arrow. The arrow hits the ogre!
The ogre is moderately wounded.
You shoot an arrow. The arrow hits the ogre!
The ogre is heavily wounded.
The ogre hits you with a +0 giant club!
You shoot an arrow. The arrow hits the ogre.
The ogre is severely wounded.
The ogre hits you with a +0 giant club!
You die...

##########
.......<.#
########.#
#@#
#.O......
#########


You could see an ogre.

Vanquished Creatures
  7 adders
  2 dart slugs
  2 ball pythons
  3 endoplasms
  2 giant cockroaches
  3 goblins (D:2)
  6 hobgoblins
  A jackal (D:1)
  6 kobolds
  A quokka (D:1)
  4 bats
  2 frilled lizards (D:3)
  5 rats
44 creatures vanquished.

Notes
Turn   | Place    | Note
-------+----------+-------------------------------------------
     0 | D:1      | qw the Minotaur Hunter began the quest for the Orb.
     0 | D:1      | Reached XP level 1. HP: 18/18 MP: 0/0
     0 | D:1      | 0 ||| qw: Version: 0.2-a-117-gc6b5c8b
     0 | D:1      | 0 ||| qw: Game counter: 2409
     0 | D:1      | 0 ||| qw: Always use a shield: true
     0 | D:1      | 0 ||| qw: God list: Okawaru
     0 | D:1      | 0 ||| qw: Allow faded altars: false
     0 | D:1      | 0 ||| qw: Do Orc after D:15 true
     0 | D:1      | 0 ||| qw: Do second Lair branch before Depths: true
     0 | D:1      | 0 ||| qw: Lair rune preference: random
     0 | D:1      | 0 ||| qw: Plans: Normal
     0 | D:1      | 0 ||| PLANNING D:1-11
   220 | D:1      | Reached XP level 2. HP: 25/25 MP: 1/1
   382 | D:1      | Reached skill level 5 in Ranged Weapons
   868 | D:1      | 868 ||| UPGRADING to amulet of regeneration.
   873 | D:1      | 873 ||| READING scroll labelled LEPONG ALUI.
   874 | D:1      | 874 ||| READING scroll labelled TILEMI NOGOEFY.
   875 | D:1      | 875 ||| READING scroll labelled WYMITE DAUVOL.
   876 | D:1      | 876 ||| READING scroll labelled SUCZA SO DAOTO.
   877 | D:1      | 877 ||| READING 2 scrolls labelled CICLIB JIANARGH.
   878 | D:1      | 878 ||| DRINKING 2 silvery potions.
   907 | D:1      | 907 ||| DROPPING scroll of butterflies.
   908 | D:1      | 908 ||| DROPPING potion of lignification.
  1025 | D:2      | Reached skill level 3 in Fighting
  1077 | D:2      | Reached XP level 3. HP: 29/31 MP: 2/2
  1354 | D:2      | 1354 ||| READING scroll of enchant weapon.
  1354 | D:2      | 1354 ||| ENCHANTING +1 shortbow.
  1509 | D:2      | Reached skill level 6 in Ranged Weapons
  1509 | D:2      | Reached XP level 4. HP: 38/38 MP: 3/3
  1719 | D:2      | 1719 ||| UPGRADING to +0 cloak.
  1724 | D:2      | 1724 ||| READING scroll labelled XOOLUUPNIFA.
  1725 | D:2      | 1725 ||| READING scroll labelled JIPHIB MIZOCRE.
  2007 | D:3      | Found an iron altar of Okawaru.
  2008 | D:3      | 2008 ||| PLANNING OKAWARU WORSHIP
  2008 | D:3      | 2008 ||| UPGRADING to +0 pair of gloves.
  2013 | D:3      | 2013 ||| UPGRADING to +0 ring mail.
  2023 | D:3      | 2023 ||| DROPPING +0 leather armour.
  2024 | D:3      | 2024 ||| READING scroll labelled DOONTI OLARCH.
  2025 | D:3      | 2025 ||| READING 2 scrolls of identify.
  2025 | D:3      | 2025 ||| IDENTIFYING coppery potion
  2031 | D:3      | Became a worshipper of Warmaster Okawaru
  2031 | D:3      | 2031 ||| PLANNING D:1-11
  2073 | D:3      | Reached skill level 1 in Armour
  2656 | D:3      | 2656 ||| UPGRADING to ring of poison resistance.
  2657 | D:3      | 2657 ||| READING scroll labelled KEITOEGEOMP.
  2676 | D:4      | Noticed an ogre
  2683 | D:4      | HP: 7/40 [ogre/+0 giant club (13)]
  2684 | D:4      | Mangled by an ogre

Levels and vault maps discovered:
D:1:      heliophobic_arrival_henge, layout_basic, minmay_pentomino_t2
D:2:      layout_basic, patterned_corridor
D:3:      layout_basic, okawaru_gym_becter
D:4:      layout_basic, mainiacjoe_overflow_surrounded_room,
          nicolae_qazlal_scattered_showers, hangedman_decor_push, uniq_pikel

Skill      XL: |  1  2  3  4 |
---------------+-------------+-----
Ranged Weapons | 5 6 |  6.0
Fighting       | 3 |  3.7
Armour         | 1 |  1.0
Dodging        | |  2.1
Stealth        | |  0.7

Action                     |  1- 3 |  4- 6 || total
---------------------------+-------+-------++-------
   Fire: Shortbow          |    98 |    37 ||   135
    Use: Scroll            |     6 |     5 ||    11
         Potion            |     1 |       ||     1
 Armour: Leather armour    |    11 |       ||    11
         Ring mail         |       |     1 ||     1
  Dodge: Dodged            |    40 |     3 ||    43

Table legend:
 A = Non-vault XP
 B = Vault XP
 C = Vault XP percentage of total XP
 D = Non-vault monster count
 E = Vault monster count
 F = Vault count percentage of total count
                 A         B        C        D         E       F
            +---------+---------+-------+---------+---------+-------
      Total |     153 |       3 |   1.9 |      42 |       2 |   4.5
            +---------+---------+-------+---------+---------+-------
        D:1 |      22 |       3 |  12.0 |      11 |       2 |  15.4
        D:2 |      95 |       0 |   0.0 |      15 |       0 |   0.0
        D:3 |      36 |       0 |   0.0 |      16 |       0 |   0.0
            +---------+---------+-------+---------+---------+-------
